PAAA
BAKERSFIELD NOBLES @ PORT ROYAL DISASTER
07/05/2018
 
TOP OF THE 1ST
Bakersfield Nobles batting - Pitching for Port Royal Disaster : RHP Aurélio Senna
Pitching: RHP Aurélio Senna
Batting: RHB Bill Sackett 0-0: Ball
1-0: Called Strike
1-1: Ball
2-1: Foul Ball, location: 2F
2-2: Foul Ball, location: 2F
2-2: Foul Ball, location: 2F
2-2: Ball
3-2: SINGLE (Line Drive, 34)
Batting: LHB Paul Smith 0-0: Ball
1-0: Called Strike
1-1: Called Strike
1-2: Fly out, F6 (Line Drive, 6)
Batting: RHB Jorge Gonzáles 0-0: Ball
1-0: Swinging Strike
1-1: Ball
2-1: SINGLE (Line Drive, 3)
Bill Sackett to second
Batting: RHB Kyle Bridges 0-0: Ball
1-0: Ball
2-0: Ball
3-0: Base on Balls
Bill Sackett to third
Jorge Gonzáles to second
Batting: RHB Lawrence Olsen 0-0: Ball
1-0: SINGLE (Flyball, 9LS)
Bill Sackett scores
Jorge Gonzáles to third
Kyle Bridges to second
Batting: RHB Jack Hatcher 0-0: Ball
1-0: Ball
2-0: Ball
3-0: Called Strike
3-1: Base on Balls
Jorge Gonzáles scores
Kyle Bridges to third
Lawrence Olsen to second
Batting: RHB Bill Wilhelm 0-0: Called Strike
0-1: Foul Ball, location: 2F
0-2: SINGLE (Line Drive, 56)
Kyle Bridges scores
Lawrence Olsen to third
Jack Hatcher to second
Runner from 3rd tries for Home, SAFE, throw made home
Jack Hatcher to third
Bill Wilhelm to second
Batting: LHB Phil Parkinson 0-0: Ball
1-0: Ball
2-0: Foul Ball, location: 2F
2-1: Ball
3-1: Base on Balls
Batting: RHB Ron Gérard 0-0: Swinging Strike
0-1: SINGLE (Line Drive, 89S)
Jack Hatcher scores
Bill Wilhelm to third
Phil Parkinson to second
Runner from 3rd tries for Home, SAFE, no throw or cutoff
Pitching: RHP John Tanner
Batting: RHB Bill Sackett 0-0: Ball
Throwing error on steal attempt, E2
Phil Parkinson scores
Ron Gérard to third
1-0: Swinging Strike
1-1: Ball
2-1: Called Strike
2-2: Ball
3-2: Ground out 5-3 (Groundball, 5L)
Batting: LHB Paul Smith 0-0: Ball
1-0: Swinging Strike
1-1: Foul Ball, location: 2F
1-2: Foul Ball, location: 2F
1-2: Foul Ball, location: 2F
1-2: Strikes out swinging
Top of the 1st over - 7 run(s), 5 hit(s), 1 error(s), 1 left on base; Bakersfield 7 - Port Royal 0
BOTTOM OF THE 1ST
Port Royal Disaster batting - Pitching for Bakersfield Nobles : LHP Ron Barry
Pitching: LHP Ron Barry
Batting: LHB Chris Whiteside 0-0: Ball
1-0: Fly out, F8 (Line Drive, 8RM)
Batting: LHB Randy Bowen 0-0: Ball
1-0: SINGLE (Line Drive, 7LS)
Batting: RHB Michael Riley 0-0: Ball
1-0: Ball
2-0: Called Strike
2-1: Fly out, F8 (Flyball, 78S)
Batting: RHB Paul Smith 0-0: SINGLE (Line Drive, 78S)
Randy Bowen to second
Batting: RHB Mark O'Monaghan 0-0: Ball
1-0: Swinging Strike
1-1: Reached on error, E5 (Groundball, 56S)
Randy Bowen scores
Paul Smith to third
Batting: LHB Juan Ríos 0-0: Fly out, F8 (Flyball, 8LD)
Bottom of the 1st over - 1 run(s), 2 hit(s), 1 error(s), 2 left on base; Bakersfield 7 - Port Royal 1
TOP OF THE 2ND
Bakersfield Nobles batting - Pitching for Port Royal Disaster : RHP John Tanner
Batting: RHB Jorge Gonzáles 0-0: Ball
1-0: Ball
2-0: Ball
3-0: Called Strike
3-1: Base on Balls
Batting: RHB Kyle Bridges 0-0: Called Strike
0-1: Swinging Strike
0-2: Ball
1-2: SINGLE (Line Drive, 56D)
Jorge Gonzáles to second
Batting: RHB Lawrence Olsen 0-0: Ball
1-0: Ball
2-0: Called Strike
2-1: Hit by Pitch
Jorge Gonzáles to third
Kyle Bridges to second
Batting: RHB Jack Hatcher 0-0: Called Strike
0-1: Ball
1-1: Swinging Strike
1-2: Ball
2-2: Ball
3-2: Strikes out swinging
Batting: RHB Bill Wilhelm 0-0: Foul Ball, location: 2F
0-1: Ball
1-1: Ball
2-1: Ball
3-1: Fly out, F7 (Flyball, 7M)
Throwing error, E7
Jorge Gonzáles scores
Kyle Bridges to third
Lawrence Olsen to second
Batting: LHB Phil Parkinson 0-0: SINGLE (Line Drive, 34D)
Kyle Bridges scores
Lawrence Olsen to third
Batting: RHB Ron Gérard 0-0: Ball
1-0: Swinging Strike
1-1: Swinging Strike
1-2: Ball
2-2: SINGLE (Line Drive, 56D)
Lawrence Olsen scores
Phil Parkinson to second
Batting: RHB Bill Sackett 0-0: Called Strike
0-1: Called Strike
0-2: Ground out 4-3 (Groundball, 4)
Top of the 2nd over - 3 run(s), 3 hit(s), 1 error(s), 2 left on base; Bakersfield 10 - Port Royal 1
BOTTOM OF THE 2ND
Port Royal Disaster batting - Pitching for Bakersfield Nobles : LHP Ron Barry
Batting: RHB Dave Sterling 0-0: Ball
1-0: Reached on Error, E6 (Popup, 6D)
Batting: LHB George Best 0-0: Grounds into double play, 4-6-3 (Groundball, 4)
Batting: RHB Ángel Bruno 0-0: Ball
1-0: Foul Ball, location: 2F
1-1: Ball
2-1: Fly out, F7 (Line Drive, 78XD)
Bottom of the 2nd over - 0 run(s), 0 hit(s), 1 error(s), 0 left on base; Bakersfield 10 - Port Royal 1
TOP OF THE 3RD
Bakersfield Nobles batting - Pitching for Port Royal Disaster : RHP John Tanner
Batting: LHB Paul Smith 0-0: Foul Ball, location: 2F
0-1: Foul Ball, location: 2F
0-2: Foul Ball, location: 2F
0-2: Ball
1-2: Fly out, F7 (Popup, 7S)
Batting: RHB Jorge Gonzáles 0-0: Swinging Strike
0-1: Ball
1-1: Called Strike
1-2: Ball
2-2: Ball
3-2: Fly out, F2 (Popup, 2LF)
Batting: RHB Kyle Bridges 0-0: Ball
1-0: Called Strike
1-1: Foul Ball, location: 2F
1-2: Ball
2-2: Foul Ball, location: 2F
2-2: Ball
3-2: Strikes out swinging
Top of the 3rd over - 0 run(s), 0 hit(s), 0 error(s), 0 left on base; Bakersfield 10 - Port Royal 1
BOTTOM OF THE 3RD
Port Royal Disaster batting - Pitching for Bakersfield Nobles : LHP Ron Barry
Batting: LHB Chris Whiteside 0-0: Ball
1-0: Called Strike
1-1: Bunt missed!
1-2: Fly out, F7 (Line Drive, 78M)
Batting: LHB Randy Bowen 0-0: Called Strike
0-1: Foul Ball, location: 2F
0-2: Ball
1-2: Fly out, F8 (Flyball, 78M)
Batting: RHB Michael Riley 0-0: Foul Ball, location: 2F
0-1: Ball
1-1: Foul Ball, location: 2F
1-2: Ball
2-2: SINGLE (Groundball, 6D)
Batting: RHB Paul Smith 0-0: Called Strike
0-1: 2-RUN HOME RUN (Flyball, 7LD), Distance : 358 ft
Batting: RHB Mark O'Monaghan 0-0: Foul Ball, location: 2F
0-1: Ball
1-1: Called Strike
1-2: Ball
2-2: Foul Ball, location: 2F
2-2: Reached on error, E5 (Groundball, 5S)
Batting: LHB Juan Ríos 0-0: Ball
1-0: Ball
2-0: Ball
3-0: Called Strike
3-1: Base on Balls
Mark O'Monaghan to second
Batting: RHB Dave Sterling 0-0: Ball
1-0: Foul Ball, location: 2F
1-1: Swinging Strike
1-2: Ball
2-2: Foul Ball, location: 2F
2-2: Strikes out swinging
Bottom of the 3rd over - 2 run(s), 2 hit(s), 1 error(s), 2 left on base; Bakersfield 10 - Port Royal 3
TOP OF THE 4TH
Bakersfield Nobles batting - Pitching for Port Royal Disaster : RHP John Tanner
Pitching: RHP Del Green
Batting: RHB Lawrence Olsen 0-0: Swinging Strike
0-1: Called Strike
0-2: Ball
1-2: Foul Ball, location: 2F
1-2: Ball
2-2: Ground out 3-1 (Groundball, 34S)
Batting: RHB Jack Hatcher 0-0: Ball
1-0: Ball
2-0: Called Strike
2-1: Swinging Strike
2-2: Ground out 6-3 (Groundball, 6)
Batting: RHB Bill Wilhelm 0-0: Called Strike
0-1: SINGLE (Groundball, 5D) (infield hit)
Batting: LHB Phil Parkinson 0-0: Called Strike
0-1: Ball
Bill Wilhelm steals 2nd base
1-1: Foul Ball, location: 2F
1-2: Ball
2-2: Fly out, F7 (Line Drive, 7S)
Top of the 4th over - 0 run(s), 1 hit(s), 0 error(s), 1 left on base; Bakersfield 10 - Port Royal 3
BOTTOM OF THE 4TH
Port Royal Disaster batting - Pitching for Bakersfield Nobles : LHP Ron Barry
Batting: LHB George Best 0-0: Called Strike
0-1: Called Strike
0-2: Ball
1-2: Foul Ball, location: 2F
1-2: Ball
2-2: Foul Ball, location: 2F
2-2: Strikes out swinging
Batting: RHB Ángel Bruno 0-0: Ball
1-0: SINGLE (Line Drive, 89S)
Batting: LHB Chris Whiteside 0-0: Swinging Strike
0-1: Ball
1-1: Swinging Strike
1-2: Foul Ball, location: 2F
1-2: Strikes out swinging
Ángel Bruno is caught stealing 2nd base
Batter strikes out.
Bottom of the 4th over - 0 run(s), 1 hit(s), 0 error(s), 0 left on base; Bakersfield 10 - Port Royal 3
TOP OF THE 5TH
Bakersfield Nobles batting - Pitching for Port Royal Disaster : RHP Del Green
Batting: RHB Ron Gérard 0-0: Ball
1-0: Foul Ball, location: 2F
1-1: Called Strike
1-2: Ball
2-2: Foul Ball, location: 2F
2-2: Ground out 6-3 (Groundball, 6M)
Batting: RHB Bill Sackett 0-0: Called Strike
0-1: Ball
1-1: Foul Ball, location: 2F
1-2: Ball
2-2: Fly out, F6 (Popup, 8LS)
Batting: LHB Paul Smith 0-0: Called Strike
0-1: Foul Ball, location: 2F
0-2: Ball
1-2: Ball
2-2: Ground out 6-3 (Groundball, 6)
Top of the 5th over - 0 run(s), 0 hit(s), 0 error(s), 0 left on base; Bakersfield 10 - Port Royal 3
BOTTOM OF THE 5TH
Port Royal Disaster batting - Pitching for Bakersfield Nobles : LHP Ron Barry
Batting: LHB Randy Bowen 0-0: Foul Ball, location: 2F
0-1: Called Strike
0-2: Ball
1-2: Fly out, F5 (Line Drive, 5)
Batting: RHB Michael Riley 0-0: Ball
1-0: Ball
2-0: Ball
3-0: Called Strike
3-1: Foul Ball, location: 2F
3-2: Foul Ball, location: 2F
3-2: Ground out 4-3 (Groundball, 4)
Batting: RHB Paul Smith 0-0: Ball
1-0: Swinging Strike
1-1: Foul Ball, location: 2F
1-2: Ball
2-2: Ball
3-2: Foul Ball, location: 2F
3-2: Fly out, F3 (Popup, 3F)
Bottom of the 5th over - 0 run(s), 0 hit(s), 0 error(s), 0 left on base; Bakersfield 10 - Port Royal 3
TOP OF THE 6TH
Bakersfield Nobles batting - Pitching for Port Royal Disaster : RHP Del Green
Batting: RHB Jorge Gonzáles 0-0: Ball
1-0: Ball
2-0: SINGLE (Groundball, 25) (infield hit)
Batting: RHB Kyle Bridges 0-0: Called Strike
0-1: Ball
1-1: SINGLE (Line Drive, 56D)
Jorge Gonzáles to second
Batting: RHB Lawrence Olsen 0-0: Called Strike
0-1: Called Strike
0-2: SINGLE (Line Drive, 8RS)
Jorge Gonzáles to third
Kyle Bridges to second
Runner from 3rd tries for Home, SAFE, throw made home
Kyle Bridges to third
Lawrence Olsen to second
Batting: RHB Jack Hatcher 0-0: Ball
1-0: Foul Ball, location: 2F
1-1: Ball
2-1: Ball
3-1: Base on Balls
Pitching: RHP Ed Montgomery
Batting: RHB Bill Wilhelm 0-0: Called Strike
0-1: Foul Ball, location: 2F
0-2: Ball
1-2: GRAND SLAM HOME RUN (Flyball, 7LD), Distance : 361 ft
Batting: LHB Phil Parkinson 0-0: Ball
1-0: Ball
2-0: Ground out 6-3 (Groundball, 6M)
Batting: RHB Ron Gérard 0-0: Foul Ball, location: 2F
0-1: Ball
1-1: Ball
2-1: Foul Ball, location: 2F
2-2: Ground out 3-1 (Groundball, 34)
Batting: RHB Bill Sackett 0-0: Foul Ball, location: 2F
0-1: Ball
1-1: Foul Ball, location: 2F
1-2: Ball
2-2: Ball
3-2: Strikes out swinging
Top of the 6th over - 5 run(s), 4 hit(s), 0 error(s), 0 left on base; Bakersfield 15 - Port Royal 3
BOTTOM OF THE 6TH
Port Royal Disaster batting - Pitching for Bakersfield Nobles : LHP Ron Barry
Batting: RHB Mark O'Monaghan 0-0: Ball
1-0: Ball
2-0: Called Strike
2-1: Ball
3-1: SINGLE (Line Drive, 56D)
Batting: LHB Juan Ríos 0-0: Called Strike
Mark O'Monaghan is caught stealing 2nd base
0-1: Ground out 1-3 (Groundball, 13)
Batting: RHB Dave Sterling 0-0: Foul Ball, location: 2F
0-1: Foul Ball, location: 2F
0-2: Strikes out looking
Bottom of the 6th over - 0 run(s), 1 hit(s), 0 error(s), 0 left on base; Bakersfield 15 - Port Royal 3
TOP OF THE 7TH
Bakersfield Nobles batting - Pitching for Port Royal Disaster : RHP Ed Montgomery
Batting: LHB Paul Smith 0-0: Called Strike
0-1: Swinging Strike
0-2: SINGLE (Line Drive, 89S)
Batting: RHB Jorge Gonzáles 0-0: Called Strike
0-1: Called Strike
0-2: Grounds into double play, 6-4-3 (Groundball, 6)
Batting: RHB Kyle Bridges 0-0: Ground out 6-3 (Groundball, 6)
Top of the 7th over - 0 run(s), 1 hit(s), 0 error(s), 0 left on base; Bakersfield 15 - Port Royal 3
BOTTOM OF THE 7TH
Port Royal Disaster batting - Pitching for Bakersfield Nobles : LHP Ron Barry
Batting: LHB George Best 0-0: Called Strike
0-1: Swinging Strike
0-2: Ball
1-2: Strikes out looking
Batting: RHB Ángel Bruno 0-0: Ground out 6-3 (Groundball, 6)
Batting: LHB Chris Whiteside 0-0: Fly out, F6 (Popup, 6)
Bottom of the 7th over - 0 run(s), 0 hit(s), 0 error(s), 0 left on base; Bakersfield 15 - Port Royal 3
TOP OF THE 8TH
Bakersfield Nobles batting - Pitching for Port Royal Disaster : RHP Ed Montgomery
Pitching: RHP Santiago Hernández
Batting: RHB Lawrence Olsen 0-0: Ground out 3-1 (Groundball, 34S)
Batting: RHB Jack Hatcher 0-0: Swinging Strike
0-1: Ground out 4-3 (Groundball, 4MS)
Batting: RHB Bill Wilhelm 0-0: Called Strike
0-1: Called Strike
0-2: Foul Ball, location: 2F
0-2: Ball
1-2: Foul Ball, location: 2F
1-2: Fly out, F8 (Flyball, 8LXD)
Top of the 8th over - 0 run(s), 0 hit(s), 0 error(s), 0 left on base; Bakersfield 15 - Port Royal 3
BOTTOM OF THE 8TH
Port Royal Disaster batting - Pitching for Bakersfield Nobles : LHP Ron Barry
Pitching: RHP Jim Unknown
Batting: LHB Randy Bowen 0-0: Ball
1-0: Called Strike
1-1: Fly out, F9 (Flyball, 89M)
Batting: RHB Michael Riley 0-0: Ball
1-0: Ball
2-0: Ball
3-0: Called Strike
3-1: Swinging Strike
3-2: Base on Balls
Batting: RHB Paul Smith 0-0: Grounds into double play, 2-6-3 (Groundball, 2R)
Bottom of the 8th over - 0 run(s), 0 hit(s), 0 error(s), 0 left on base; Bakersfield 15 - Port Royal 3
TOP OF THE 9TH
Bakersfield Nobles batting - Pitching for Port Royal Disaster : RHP Santiago Hernández
Batting: LHB Phil Parkinson 0-0: Ball
1-0: Ball
2-0: Ball
3-0: Called Strike
3-1: Bunt missed!
3-2: Fly out, F5 (Popup, 56)
Batting: RHB Ron Gérard 0-0: Called Strike
0-1: Foul Ball, location: 2F
0-2: Foul Ball, location: 2F
0-2: Foul Ball, location: 2F
0-2: Fly out, F8 (Line Drive, 8RS)
Batting: RHB Bill Sackett 0-0: Ball
1-0: Swinging Strike
1-1: Ball
2-1: Foul Ball, location: 2F
2-2: Ball
3-2: SINGLE (Line Drive, 4MD)
Batting: LHB Paul Smith 0-0: Ball
1-0: Called Strike
1-1: Ground out 4-3 (Groundball, 4)
Top of the 9th over - 0 run(s), 1 hit(s), 0 error(s), 1 left on base; Bakersfield 15 - Port Royal 3
BOTTOM OF THE 9TH
Port Royal Disaster batting - Pitching for Bakersfield Nobles : RHP Jim Unknown
Pinch Hitting: LHB Nelson Sanders 0-0: Swinging Strike
0-1: Swinging Strike
0-2: Strikes out swinging
Batting: LHB Juan Ríos 0-0: Ball
1-0: Ball
2-0: Ball
3-0: Base on Balls
Batting: RHB Dave Sterling 0-0: Ball
1-0: Ball
2-0: Ball
3-0: Called Strike
3-1: Base on Balls
Juan Ríos to second
Batting: LHB George Best 0-0: Ball
1-0: Foul Ball, location: 2F
1-1: Ball
2-1: SINGLE (Groundball, 34D)
Juan Ríos to third
Dave Sterling to second
Runner from 3rd tries for Home, SAFE, no throw or cutoff
Batting: RHB Ángel Bruno 0-0: Fly out, F4 (Popup, 6MD)
Pinch Hitting: SHB Bob Rogers 0-0: Swinging Strike
0-1: Ball
1-1: Foul Ball, location: 2F
1-2: SINGLE (Groundball, 34)
Dave Sterling to third
George Best to second
Runner from 3rd tries for Home, throw and OUT!
Bottom of the 9th over - 1 run(s), 2 hit(s), 0 error(s), 2 left on base; Bakersfield 15 - Port Royal 4
This league is powered by Out of the Park Baseball, the baseball management simulation game for PC, Mac and Linux
Monday, May 4th, 2015 - OOTP Baseball 15.6 Build 34